 Dungeon Crawl Stone Soup version 0.27.1-15-g792fb953b9 (webtiles) character file.

Game seed: 4959509341652742528

672 belegose the Magician (level 7, -1/57 HPs)
             Began as a White Draconian Fire Elementalist on Nov 21, 2021.
             Killed from afar by Dowan (6 damage)
             ... with a puff of flame
             ... on level 5 of the Dungeon.
             The game lasted 00:17:35 (5508 turns).

belegose the Magician (DrFE)                        Turns: 5508, Time: 00:17:36

Health: -1/57      AC:  9    Str: 10    XL:     7   Next: 32%
Magic:  12/12      EV: 13    Int: 17    God:
Gold:   161        SH:  0    Dex: 12    Spells: 9/13 levels left

rFire    . . .     SeeInvis .   t - +0 mace
rCold    + . .     Faith    .   (no shield)
rNeg     + . .     Spirit   .   (armour unavailable)
rPois    +         Reflect  .   (helmet restricted)
rElec    .         Harm     .   (no cloak)
rCorr    .         Rampage  .   f - +2 pair of gloves
Will     .....                  (no boots)
Stlth    +.........             (no amulet)
HPRegen  0.19/turn              a - ring of positive energy
MPRegen  0.13/turn              j - ring of poison resistance

@: lit by a corona, glowing
A: breathe frost, AC +6, unfitting armour, cold resistance 1, cold-blooded
a: Breathe Frost


You were on level 5 of the Dungeon.
You visited 1 branch of the dungeon, and saw 5 of its levels.

You collected 161 gold pieces.

Inventory:

Hand Weapons
 c - a +0 dagger
 o - a +0 broad axe
 t - a +0 mace (weapon)
Armour
 f - a +2 pair of gloves (worn)
Jewellery
 a - a ring of positive energy (left hand)
 j - a ring of poison resistance (right hand)
 l - a ring of fire
 u - an amulet of guardian spirit
Wands
 s - a wand of digging (3)
Scrolls
 b - 2 scrolls of enchant armour {unknown}
 i - 2 scrolls of amnesia {unknown}
 k - 3 scrolls of identify {unknown}
 n - 2 scrolls of magic mapping {unknown}
 p - a scroll of teleportation {unknown}
 q - a scroll of fear {unknown}
 r - a scroll of summoning {unknown}
 v - a scroll of vulnerability {unknown}
Potions
 d - 4 potions of curing {unknown}
 e - 2 potions of heal wounds {unknown}
 g - a potion of attraction {unknown}
 h - a potion of haste
 m - a potion of degeneration {unknown}


   Skills:
 + Level 3.6 Fighting
 + Level 3.7 Dodging
 - Level 1.7 Stealth
 + Level 3.8 Spellcasting
 + Level 3.5 Conjurations
 + Level 3.7 Fire Magic


You had 9 spell levels left.
You knew the following spells:

 Your Spells              Type           Power      Damage    Failure   Level
a - Foxfire               Conj/Fire      60%        2x1d7     3%          1
b - Conjure Flame         Conj/Fire      15%        6-21      11%         3

Your spell library contained the following spells:

 Spells                   Type           Power      Damage    Failure   Level
 Inner Flame              Hex/Fire       9%         N/A       22%         3
 Sticky Flame             Conj/Fire      15%        2d4       34%         4
 Gell's Gravitas          Tloc           1%         N/A       43%         3
 Lesser Beckoning         Tloc           1%         N/A       43%         3
 Teleport Other           Tloc           3%         N/A       43%         3
 Fireball                 Conj/Fire      7%         3d5       69%         5
 Alistair's Intoxication  Tmut/Pois      2%         N/A       99%         5
 Borgnjor's Vile Clutch   Necr/Erth      1%         N/A       99%         5
 Eringya's Noxious Bog    Tmut/Pois      1%         N/A       100%        6


Dungeon Overview and Level Annotations

Branches:
Dungeon (5/15)
 Temple: D:4-7

Altars:

Annotations:
D:3 Ijyb
D:4 3 runed translucent doors, exclusion: 3 doors, styxcanada's ghost, amateur SpBr; zeram's ghost, amateur GnNe
D:5 Dowan; Duvessa


Innate Abilities, Weirdness & Mutations

You can breathe waves of freezing cold which knock back foes.
Your icy white scales are hard. (AC +6)
You cannot fit into any form of body armour.
Your flesh is cold resistant. (rC+)
You are cold-blooded and may be slowed by cold attacks.


Message History

Unknown command.
You closely miss Duvessa.
Duvessa is lightly wounded.
Duvessa hits you but does no damage.
Unknown command.
You hit Duvessa but do no damage.
Duvessa is lightly wounded.
Dowan gestures at you while chanting. The puff of frost misses you.
Duvessa barely misses you.
Unknown command.
You hit Duvessa.
Duvessa is moderately wounded.
Duvessa says, "Beauty is only skin deep, and my weapons penetrate much further than that."
Duvessa hits you but does no damage. Duvessa closely misses you.
Unknown command.
You closely miss Duvessa.
Duvessa is moderately wounded.
Dowan completely misses you. Duvessa hits you but does no damage.
Unknown command.
You hit Duvessa but do no damage.
Your tail-slap misses Duvessa.
Duvessa is moderately wounded.
Dowan closely misses you.
Duvessa says, "When magic and the sword combine, nothing stands against them."
Duvessa hits you with a +0 rapier.
* * * LOW HITPOINT WARNING * * *
Dowan hits you with a +0 dagger.
* * * LOW HITPOINT WARNING * * *
Duvessa hits you with a +0 rapier!
* * * LOW HITPOINT WARNING * * *
You closely miss Duvessa.
Duvessa is moderately wounded.
Dowan barely misses you. Duvessa hits you with a +0 rapier.
* * * LOW HITPOINT WARNING * * *
Unknown command.
You hit Duvessa.
You tail-slap Duvessa, but do no damage.
Duvessa is moderately wounded.
Dowan casts a spell at you. The puff of flame hits you.
You die...

#. ##..###
#.#######..... #####.
............. ......
..........### #####.
#.######..# #.# ##..#
############.#####[..#
.....................#
####.e@e........#)###
......######.###.#.#
##### #.# #.#.# #..
..... ###...#..
.###### .#


You could see Duvessa and Dowan.

Vanquished Creatures
  An ogre (D:5)
  3 phantoms
  A water moccasin skeleton (D:5)
  A bullfrog skeleton (D:5)
  An orc wizard (D:2)
  A hound skeleton (D:5)
  7 gnolls
  4 adders
  An ufetubus (D:5)
  4 dart slugs
  3 worms
  15 orcs
  12 ball pythons
  7 bats
  2 endoplasms (D:2)
  8 giant cockroaches
  9 goblins
  10 hobgoblins
  4 jackals (D:4)
  7 kobolds
  7 quokkas
  4 frilled lizards
  5 rats
117 creatures vanquished.

Vanquished Creatures (others)
  321 foxfires
321 creatures vanquished.

Grand Total: 438 creatures vanquished

Notes
Turn   | Place    | Note
-------+----------+-------------------------------------------
     0 | D:1      | belegose the Draconian Fire Elementalist began the quest
                  | for the Orb.
     0 | D:1      | Reached XP level 1. HP: 14/14 MP: 3/3
   206 | D:1      | Reached XP level 2. HP: 22/22 MP: 3/5
   376 | D:1      | Reached skill level 1 in Fighting
   670 | D:1      | Reached XP level 3. HP: 28/28 MP: 1/6
  1561 | D:2      | Reached XP level 4. HP: 34/35 MP: 1/7
  1944 | D:2      | Found a faded altar of an unknown god.
  2429 | D:3      | Noticed Ijyb
  2773 | D:3      | Reached XP level 5. HP: 41/41 MP: 4/9
  2859 | D:4      | Noticed a phantom
  3164 | D:4      | Noticed a phantom
  4088 | D:4      | Killed a phantom
  4089 | D:4      | Reached XP level 6. HP: 40/50 MP: 0/10
  4805 | D:5      | Entered Level 5 of the Dungeon
  5052 | D:4      | Found a runed translucent gate.
  5052 | D:4      | Found a runed translucent gate.
  5052 | D:4      | Found a runed translucent gate.
  5056 | D:4      | Noticed styxcanada's ghost (amateur SpBr)
  5056 | D:4      | Noticed zeram's ghost (amateur GnNe)
  5208 | D:5      | Learned a level 3 spell: Conjure Flame
  5434 | D:5      | Your scales start taking on an icy white colour.
  5434 | D:5      | Reached XP level 7. HP: 57/57 MP: 8/12
  5434 | D:5      | Gained mutation: Your flesh is cold resistant. (rC+) [White
                  | Draconian growth]
  5492 | D:5      | Noticed Duvessa
  5494 | D:5      | Noticed Dowan
  5508 | D:5      | Killed from afar by Dowan

Illustrated notes

Levels and vault maps discovered:
D:1:      wheals_arrival_linesprint, layout_rooms
D:2:      layout_basic, hellmonk_ecumenical_altar_blasted
D:3:      layout_rooms, minmay_cupped, uniq_ijyb
D:4:      layout_cave_pods, gammafunk_ghost_cemetery
D:5:      layout_loops_ring, uniq_duvessa

Skill      XL: |  1  2  3  4  5  6 |
---------------+-------------------+-----
Dodging        | 2 3 |  3.7
Fighting       | 1 2 3 |  3.6
Conjurations   | 2 3 |  3.5
Spellcasting   | 3 |  3.8
Fire Magic     | 4 3 |  3.7
Stealth        | |  1.7

Action                   |  1- 3 |  4- 6 |  7- 9 || total
-------------------------+-------+-------+-------++-------
Melee: Unarmed           |     9 |       |       ||     9
       Tailslap          |     3 |     8 |     7 ||    18
       Dagger            |    25 |   109 |       ||   134
       Mace              |       |    15 |    43 ||    58
 Cast: Foxfire           |    53 |   130 |       ||   183
 Stab: Sleeping          |     3 |     3 |       ||     6
Armor: Skin              |    19 |    88 |    34 ||   141
Dodge: Dodged            |    38 |   147 |    68 ||   253
